 Dungeon Crawl Stone Soup version 0.28-a0-1184-g53156a8862 (webtiles) character file.

Game seed: 13608381357206395603

21242 ytrimaz the Martial Artist (level 12, -12/100 HPs)
             Began as an Octopode Transmuter on Dec 17, 2021.
             Was a Follower of Ashenzari.
             Mangled by a skeletal warrior (26 damage)
             ... led by a skeletal warrior
             ... on level 12 of the Dungeon.
             The game lasted 00:21:27 (15867 turns).

ytrimaz the Martial Artist (Octopode Transmuter)   Turns: 15867, Time: 00:21:28

Health: -12/100    AC: 17    Str: 10    XL:     12   Next: 87%
Magic:  25/27      EV: 13    Int: 19    God:    Ashenzari [*.....]
Gold:   1653       SH:  0    Dex: 15    Spells: 23/33 levels left

rFire   . . .      SeeInvis .     - Unarmed
rCold   + + +      Faith    .   (shield currently unavailable)
rNeg    + . .      Spirit   .   (helmet currently unavailable)
rPois   +          Reflect  .   c - amulet "Sublime Altruism" {Regen+, Alch, Bglg} (curse)
rElec   +          Harm     .   n - ring "Ruined Together" {Will+, Cun, Melee} (curse)
rCorr   .          Rampage  .   u - ring of Shadows {Umbra +Inv Stlth+}
Will    +....                   v - ring of Supernal Gnosis {rF+, Self, Elem} (curse)
Stlth   +++.......              x - +4 ring of protection
HPRegen 1.06/turn               A - +4 ring of protection
MPRegen 0.20/turn               C - ring "Virim" {rElec rPois rN+ Dex+2}
                                (no ring)
                                (no ring)

@: ice-form, wereblooded, wreathed by umbra, studying Hexes
A: freezing attack, boosted hp, almost no armour, amphibious, 8 rings, large,
(camouflage 1), (gelatinous body 1), (nimble swimmer 1), (tentacles)
a: End Transformation, Renounce Religion, Evoke Invisibility, Curse Item,
Shatter the Chains


You were on level 12 of the Dungeon.
You worshipped Ashenzari.
Ashenzari was aware of your devotion.
You were a creature of crystalline ice.
You visited 2 branches of the dungeon, and saw 13 of its levels.

You collected 2243 gold pieces.
You spent 590 gold pieces at shops.

Inventory:

Missiles
 a - 3 throwing nets
Jewellery
 c - the cursed amulet "Sublime Altruism" (around neck) {Regen+, Alch, Bglg}
   (You found it on level 5 of the Dungeon)

   [amulet of regeneration]

   Regen:     It increases your rate of health regeneration.
   It has a curse which improves the following skills: Alchemy: Poison Magic and
   Transmutations.
   Beguiling: Conjurations, Hexes and Translocations.
 l - an amulet of the acrobat
 n - the cursed ring "Ruined Together" (left front paw) {Will+, Cun, Melee}
   (You found it on level 7 of the Dungeon)

   [ring of willpower]

   Will:      It increases your willpower.
   It has a curse which improves the following skills: Cunning: Dodging and
   Stealth.
   Melee Combat: Short Blades, Long Blades, Axes, Maces & Flails, Polearms,
   Staves and Unarmed Combat.
 u - the ring of Shadows (right front paw) {Umbra +Inv Stlth+}
   (You bought it in a shop on level 8 of the Dungeon)

   [ring of stealth]

   It surrounds you with an aura of shadow, increasing your stealth and reducing
   the accuracy of all others within it.
   +Inv:      It lets you turn invisible.
   Stlth:     It makes you more stealthy.
 v - the cursed ring of Supernal Gnosis (on tentacle) {rF+, Self, Elem}
   (You found it on level 6 of the Dungeon)

   [ring of protection from fire]

   rF:        It protects you from fire.
   It has a curse which improves the following skills: Introspection: Fighting
   and Spellcasting.
   Elements:  Fire Magic, Ice Magic, Air Magic and Earth Magic.
 x - a +4 ring of protection (on tentacle)
 A - a +4 ring of protection (on tentacle)
 C - the ring "Virim" (on tentacle) {rElec rPois rN+ Dex+2}
   (You acquired it on level 11 of the Dungeon)

   [ring of poison resistance]

   Dex:       It affects your dexterity (+2).
   rElec:     It insulates you from electricity.
   rPois:     It protects you from poison.
   rN:        It protects you from negative energy.
 G - a ring of ice
Wands
 b - a wand of acid (13)
 e - a wand of iceblast (5)
 g - a wand of paralysis (18)
 m - a wand of charming (10)
 q - a wand of digging (8)
 t - a wand of mindburst (3) (quivered)
 y - a wand of flame (7)
Scrolls
 d - a scroll of amnesia
 f - a scroll of acquirement
 j - 2 scrolls of brand weapon
 o - 2 scrolls of enchant weapon
 s - a scroll of summoning
 D - a scroll of fog
 E - a scroll of holy word
Potions
 h - 4 potions of mutation
 i - 2 potions of brilliance
 k - 3 potions of cancellation
 p - 2 potions of curing
 r - 2 potions of attraction
 w - 3 potions of flight
 z - a potion of berserk rage
 B - a potion of might
 F - a potion of ambrosia


   Skills:
 * Level 7.7(8.8) Fighting
 * Level 5.9(6.9) Dodging
 + Level 11.5(12.5) Unarmed Combat
 * Level 10.0(11.0) Spellcasting
 * Level 9.6(10.6) Transmutations
 - Level 2.1(2.9) Ice Magic
 * Level 6.7(7.7) Poison Magic
 - Level 0.4 Evocations


You had 23 spell levels left.
You knew the following spells:

 Your Spells              Type           Power      Damage    Failure   Level
a - Beastly Appendage     Tmut           100%       N/A       1%          1
b - Wereblood             Tmut           50%        N/A       1%          2
c - Spider Form           Tmut/Pois      45%        N/A       1%          3
d - Ice Form              Ice/Tmut       36%        N/A       4%          4

Your spell library contained the following spells:

 Spells                   Type           Power      Damage    Failure   Level
 Sublimation of Blood     Necr           10%        N/A       10%         2
 Summon Hydra             Summ           5%         N/A       100%        7


Dungeon Overview and Level Annotations

Branches:
Dungeon (12/15)            Temple (1/1) D:6            Lair (0/6) D:8
    Orc (0/2) D:10

Altars:
Ashenzari
Cheibriados
Dithmenos
Elyvilon
Fedhas
Gozag
Hepliaklqana
Kikubaaqudgha
Makhleb
Nemelex Xobeh
Okawaru
Qazlal
Ru
Sif Muna
Trog
Uskayaw
Vehumet
Wu Jian
Xom
Yredelemnul
Zin
The Shining One

Shops:
D:8 ([[**

Annotations:
D:9 2 transporters, RancidPinata's ghost, novice GrDe


Innate Abilities, Weirdness & Mutations

You are a creature of crystalline ice.
You have a powerful freezing melee attack.
Your maximum health is increased.
Your armour is entirely melded.
You are incapable of wielding weapons or throwing items.
You cannot wear most types of armour.
You are amphibious.
You can wear up to eight rings at the same time.
((Your skin changes colour to match your surroundings (Stealth+).))
((Your rubbery body absorbs attacks. (AC +1, EV +1)))
((You are camouflaged near water. (Stealth+)))
((You have tentacles for arms and can constrict up to eight enemies at once.))


Message History

The skeletal warrior hits you with a +0 dire flail!!
You hit the skeletal warrior. You freeze the skeletal warrior.
The skeletal warrior is almost destroyed.
The skeletal warrior misses you.
You punch the skeletal warrior! You freeze the skeletal warrior.
The skeletal warrior is almost destroyed.
The skeletal warrior closely misses you.
You barely miss the skeletal warrior.
The skeletal warrior is almost destroyed.
The skeletal warrior hits you with a +0 dire flail!
You pummel the skeletal warrior!!
You feel a bit better.
You destroy the skeletal warrior!
You howl as the wereblood boils in your veins!
Your base Spellcasting skill increases to level 10!
You barely miss the skeletal warrior.
The skeletal warrior hits you but does no damage.
You barely miss the skeletal warrior.
You howl as the wereblood boils in your veins!
The skeletal warrior hits you with a +1 vorpal battleaxe!
You are too injured to fight recklessly!
You are too injured to fight recklessly!
You barely miss the skeletal warrior.
You are too injured to fight recklessly!
You punch the skeletal warrior! You freeze the skeletal warrior.
The skeletal warrior is lightly damaged.
The skeletal warrior closely misses you.
Unknown command.
Press: ? - help, v - describe, . - travel, g - get item
Here: a skeletal warrior, wielding a +1 vorpal battleaxe (lightly damaged, umbra)
Items here: a +0 dire flail; a +0 long sword.
The floor.
Unknown command.
You punch the skeletal warrior! You freeze the skeletal warrior.
The skeletal warrior is moderately damaged.
The skeletal warrior hits you with a +1 vorpal battleaxe!!
* * * LOW HITPOINT WARNING * * *
x2 You hit the skeletal warrior.
You freeze the skeletal warrior.
The skeletal warrior is moderately damaged.
The skeletal warrior hits you with a +1 vorpal battleaxe!!
You die...

.>...#
.........##...##....
.....#
........##.#.#.##...
.....#
.......##..#.#..##..
#'####
......##.#.#.#.#.##.
#.#
#####.#.##.#.#.##.#
#.# #.#.##.#.#.# .#
#.# #.#.##.##. #
#.## #..# ... # #..#
{#Y##
##.####.####..zz##
...............#
...#########...
.....# .... ...#.#
#.#.. ##.#.# # #.
#.#.# #. #.#.#


You could see 2 skeletal warriors.

Vanquished Creatures
  A catoblepas (D:10)
  3 two-headed ogres
  Urug (D:10)
  Sonja (D:11)
  2 skeletal warriors (D:12)
  A manticore (D:11)
  An elephant (D:8)
  3 centaur zombies
  Maurice (D:8)
  Maggie (D:8)
  An unseen horror (D:12)
  A merfolk (D:11)
  4 trolls
  A hornet (D:9)
  Prince Ribbit (D:7)
  6 slime creatures (D:12)
  2 shadows
  5 wyverns
  22 yaks
  A basilisk (D:8)
  2 water elementals (D:11)
  A steam dragon (D:9)
  3 hogs (D:11)
  2 wargs
  3 water moccasins
  3 ice beasts
  A sky beast (D:4)
  7 black bears
  4 orc warriors
  An ogre (D:6)
  7 centaurs
  A phantom (D:5)
  3 gnoll sergeants
  2 kobold brigands
  A wyvern zombie (D:5)
  7 bullfrogs
  A wyvern skeleton (D:7)
  A scorpion (D:7)
  24 killer bees
  3 howler monkeys
  7 electric eels (D:11)
  A lava snake (D:8)
  4 hounds
  A jelly (D:7)
  9 orc priests
  Jessica (D:3)
  5 gnoll shamans
  2 iguanas (D:6)
  Terence (D:2)
  8 orc wizards
  A killer bee zombie (D:6)
  A hound zombie (D:5)
  A howler monkey zombie (D:9)
  21 gnolls
  8 adders
  A white imp (D:7)
  An ufetubus (D:4)
  A worm (D:2)
  A dart slug (D:2)
  30 orcs
  3 ball pythons
  5 bats
  8 endoplasms
  A giant cockroach (D:2)
  17 goblins
  6 hobgoblins
  3 jackals (D:2)
  8 kobolds
  4 quokkas
  4 frilled lizards
  6 rats
306 creatures vanquished.

Vanquished Creatures (collateral kills)
  Grinder (D:4)
  A worm (D:3)
2 creatures vanquished.

Vanquished Creatures (others)
  8 plants
8 creatures vanquished.

Grand Total: 316 creatures vanquished

Notes
Turn   | Place    | Note
-------+----------+-------------------------------------------
     0 | D:1      | ytrimaz the Octopode Transmuter began the quest for the
                  | Orb.
     0 | D:1      | Reached XP level 1. HP: 13/13 MP: 3/3
   339 | D:1      | Reached XP level 2. HP: 18/18 MP: 1/5
   673 | D:1      | Found a faded altar of an unknown god.
  1003 | D:2      | Reached XP level 3. HP: 18/23 MP: 4/6
  1016 | D:2      | Learned a level 2 spell: Wereblood
  1020 | D:2      | Learned a level 3 spell: Spider Form
  1601 | D:2      | Reached XP level 4. HP: 28/28 MP: 8/8
  1811 | D:2      | Noticed Terence
  1825 | D:2      | Killed Terence
  2886 | D:3      | Noticed Jessica
  2896 | D:3      | Killed Jessica
  2897 | D:3      | Reached skill level 4 in Unarmed Combat
  2897 | D:3      | Reached XP level 5. HP: 23/34 MP: 7/9
  3142 | D:3      | Identified a scroll of acquirement
  3142 | D:3      | Acquired 897 gold pieces
  3506 | D:3      | Found a stormy altar of Qazlal.
  3674 | D:4      | Noticed Grinder
  3684 | D:4      | Paralysed by Grinder for 5 turns
  3706 | D:4      | Killed Grinder
  3707 | D:4      | Reached XP level 6. HP: 11/39 MP: 10/12
  4346 | D:4      | Noticed a sky beast
  4364 | D:4      | Killed a sky beast
  4365 | D:4      | Reached XP level 7. HP: 15/45 MP: 8/13
  4771 | D:5      | Entered Level 5 of the Dungeon
  5044 | D:5      | Reached skill level 5 in Unarmed Combat
  5418 | D:5      | Noticed a yak
  5520 | D:5      | Noticed a yak
  5520 | D:5      | Noticed a yak
  5520 | D:5      | Noticed a yak
  5520 | D:5      | Noticed a yak
  5521 | D:5      | Noticed a yak
  5530 | D:5      | Killed a yak
  5531 | D:5      | Reached skill level 1 in Poison Magic
  5531 | D:5      | Reached XP level 8. HP: 23/52 MP: 10/15
  5853 | D:5      | Reached skill level 5 in Spellcasting
  6098 | D:5      | Reached skill level 5 in Transmutations
  6126 | D:5      | Learned a level 4 spell: Ice Form
  6479 | D:5      | Killed a yak
  6614 | D:5      | Killed a yak
  6615 | D:5      | Reached skill level 6 in Unarmed Combat
  6627 | D:5      | Killed a yak
  6664 | D:5      | Killed a yak
  6665 | D:5      | Reached skill level 1 in Ice Magic
  6665 | D:5      | Reached XP level 9. HP: 41/58 MP: 14/18
  7469 | D:6      | Found a staircase to the Ecumenical Temple.
  7478 | Temple   | Entered the Ecumenical Temple
  7707 | Temple   | Became a worshipper of Ashenzari the Shackled
  8301 | D:6      | Reached skill level 7 in Unarmed Combat
  9000 | D:7      | Reached skill level 5 in Fighting
  9023 | D:7      | Noticed Prince Ribbit
  9035 | D:7      | Killed Prince Ribbit
  9131 | D:7      | Reached XP level 10. HP: 16/66 MP: 9/21
  9963 | D:8      | Found Cietats's Antique Armour Boutique.
  9977 | D:8      | Noticed Maurice
  9992 | D:8      | Killed Maurice
  9993 | D:8      | Reached skill level 8 in Unarmed Combat
 10025 | D:8      | Noticed a two-headed ogre
 10053 | D:8      | Killed a two-headed ogre
 10315 | D:8      | Found Xatrir Jext's Antique Armour Shop.
 10391 | D:8      | Found Xiangeng's Antique Weapon Shoppe.
 10498 | D:8      | Found Qaxkyshre's General Store.
 10523 | D:8      | Bought a scroll of teleportation for 30 gold pieces
 10523 | D:8      | Bought 2 potions of curing for 60 gold pieces
 10523 | D:8      | Bought a scroll of identify for 20 gold pieces
 10540 | D:8      | Reached * piety under Ashenzari
 10563 | D:8      | Found a staircase to the Lair.
 10563 | D:8      | Noticed an elephant
 10579 | D:8      | Killed an elephant
 10660 | D:8      | Noticed Maggie
 10660 | D:8      | Found Molial's General Store.
 11008 | D:8      | Killed Maggie
 11009 | D:8      | Reached skill level 9 in Unarmed Combat
 11177 | D:8      | Bought the ring of Shadows {Umbra +Inv Stlth+} for 480 gold
                  | pieces
 11177 | D:8      | Found the ring of Shadows {Umbra +Inv Stlth+}
 11947 | D:9      | Paralysed by a hornet for 1 turns
 11953 | D:9      | Reached XP level 11. HP: 26/72 MP: 19/23
 12016 | D:9      | Found a transporter.
 12016 | D:9      | Noticed RancidPinata's ghost (novice GrDe)
 12036 | D:9      | Found a transporter.
 12410 | D:10     | Entered Level 10 of the Dungeon
 12417 | D:10     | Found a staircase to the Orcish Mines.
 12456 | D:10     | Noticed Urug
 12463 | D:10     | Noticed a catoblepas
 12473 | D:9      | HP: 4/86 [warg (5)]
 12473 | D:9      | HP: 1/86 [orc (3)]
 13173 | D:10     | Noticed a two-headed ogre
 13183 | D:10     | Killed a two-headed ogre
 13734 | D:10     | Killed a catoblepas
 13735 | D:10     | Reached skill level 10 in Unarmed Combat
 13801 | D:10     | Killed Urug
 13891 | D:11     | Noticed Sonja
 13894 | D:11     | Killed Sonja
 13961 | D:11     | Found a radiant altar of Vehumet.
 14052 | D:11     | Noticed a two-headed ogre
 14057 | D:11     | Reached skill level 5 in Poison Magic
 14067 | D:11     | Killed a two-headed ogre
 14199 | D:11     | Reached XP level 12. HP: 82/82 MP: 26/26
 14496 | D:11     | Acquired 520 gold pieces
 14704 | D:11     | Reached skill level 5 in Dodging
 14912 | D:11     | Reached skill level 11 in Unarmed Combat
 15208 | D:11     | Acquired the ring "Virim" {rElec rPois rN+ Dex+2}
 15862 | D:12     | Reached skill level 10 in Spellcasting
 15867 | D:12     | Mangled by a skeletal warrior

Illustrated notes

Levels and vault maps discovered:
D:1:      elethiomel_arrival_shortcut, layout_basic,
          hellmonk_ecumenical_altar_heavens_door, kennysheep_decorative_pillar
D:2:      layout_loops_ring, uniq_terence
D:3:      cheibrodos_greedy_goblins, layout_basic, general_overflow_altar,
          minmay_misc_feat_roman, dk_noncrumbling_3, uniq_jessica
D:4:      layout_rooms, uniq_grinder
D:5:      layout_rooms
D:6:      layout_loops_cross, minmay_temple_entry_gardened_gates,
          due_unseen_surprise
D:7:      layout_loops_corners, uniq_prince_ribbit1
D:8:      layout_basic, david_lair_generic, serial_shops,
          nicolae_shop_temple_entry_statues_fountains, nicolae_shop_statue_plus,
          shop_statue, nicolae_inconvenience_store, shop, uniq_maggie,
          uniq_maurice
D:9:      layout_loops_ring, gammafunk_ghost_stat_death
D:10:     layout_gridville, erik_orc_4, uniq_urug
D:11:     kennysheep_town, uniq_sonja
D:12:     layout_roguey, minmay_parallelograms, nicolae_wwwww, minivault_27,
          hex_large
Temple:   mainiacjoe_temple_archimedes_tessellation

Skill      XL: |  1  2  3  4  5  6  7  8  9 10 11 12 |
---------------+-------------------------------------+-----
Spellcasting   | 3 4 6 7 8 9 10 | 10.0
Unarmed Combat | 4 5 6 7 9 10 11 | 11.5
Transmutations | 3 4 5 6 7 8 9 |  9.6
Fighting       | 2 3 4 5 6 7 |  7.7
Poison Magic   | 1 2 3 5 6 |  6.7
Ice Magic      | 1 2 |  2.1
Dodging        | 4 5 |  5.9
Evocations     | |  0.4

Action                   |  1- 3 |  4- 6 |  7- 9 | 10-12 || total
-------------------------+-------+-------+-------+-------++-------
Melee: Unarmed           |    75 |    94 |   265 |   575 ||  1009
       Kick              |    12 |    10 |     6 |     3 ||    31
       Constrict         |    18 |    17 |     4 |     2 ||    41
       Tentacles         |    13 |     8 |     3 |     5 ||    29
       Punch             |     1 |       |     2 |     2 ||     5
 Cast: Beastly Appendage |    20 |    19 |     4 |     5 ||    48
       Spider Form       |     1 |     4 |    29 |     8 ||    42
       Wereblood         |       |     1 |     2 |    15 ||    18
       Ice Form          |       |       |     4 |    54 ||    58
Invok: Curse Item        |       |       |       |     3 ||     3
Evoke: Wand              |       |       |       |     8 ||     8
  Use: Scroll            |     5 |     3 |     8 |     5 ||    21
       Potion            |       |     3 |     2 |     4 ||     9
 Stab: Sleeping          |     4 |     9 |       |     7 ||    20
Armor: Skin              |    14 |    14 |    14 |   259 ||   301
Dodge: Dodged            |    46 |    44 |   270 |   372 ||   732

Table legend: (Time is in decaauts)
 A = Elapsed time spent in this place.
 B = Non-inter-level travel time spent in this place.
 C = Inter-level travel time spent in this place.
 D = Time resting spent in this place.
 E = Time spent auto-exploring this place.
 F = Levels seen in this place.
 G = Mean time per level.
                   A        B        C        D        E       F      G
               +--------+--------+--------+--------+--------+-----+--------+
         Total |  15717 |  15190 |    527 |   3581 |   8742 |  13 | 1209.0 |
       Dungeon |  15473 |  14983 |    490 |   3581 |   8561 |  12 | 1289.4 |
        Temple |    243 |    206 |     37 |      0 |    181 |   1 |  243.0 |
               +--------+--------+--------+--------+--------+-----+--------+

Top non-repeatable levels by time:
     D:5: 2083 daAuts
    D:11: 1666 daAuts
     D:4: 1506 daAuts
     D:8: 1465 daAuts
     D:3: 1364 daAuts
     D:2: 1314 daAuts
     D:7: 1251 daAuts
     D:9: 1249 daAuts
     D:6: 1246 daAuts
    D:10: 1080 daAuts
     D:1: 986 daAuts
    D:12: 258 daAuts
  Temple: 243 daAuts
